 Dungeon Crawl Stone Soup version 0.22.1-1-ga44c0e5 (webtiles) character file.

420 roasted the Cudgeler (level 6, -5/61 HPs)
             Began as a Troll Berserker on Oct 6, 2018.
             Was a Priest of Trog.
             Slain by an ogre
             ... wielding a +0 giant club
              (21 damage)
             ... on level 4 of the Dungeon.
             The game lasted 00:35:31 (2635 turns).

roasted the Cudgeler (Troll Berserker)              Turns: 2635, Time: 00:35:31

Health: -5/61      AC:  5    Str: 28    XL:     6   Next: 62%
Magic:  5/5        EV: 11    Int:  3    God:    Trog [***...]
Gold:   155        SH:  0    Dex:  9    Spells: 5/5 levels left

rFire    . . .     SeeInvis .   a - +0 mace
rCold    . . .     Gourm    +   (no shield)
rNeg     . . .     Faith    .   b - +0 animal skin
rPois    .         Spirit   .   (helmet restricted)
rElec    .         Reflect  .   (no cloak)
rCorr    .         Harm     .   (gloves unavailable)
MR       +....                  (boots unavailable)
Stlth    +.........             n - amulet of the acrobat
HPRegen  0.60/turn              k - ring of protection from magic
MPRegen  0.09/turn              i - ring of flight

@: no status effects
A: large, unfitting armour, claws 3, fast metabolism 3, gourmand, regeneration
1, shaggy fur 1, tough skin 2
a: Berserk, Trog's Hand, Renounce Religion, Evoke Flight


You were on level 4 of the Dungeon.
You worshipped Trog.
Trog was most pleased with you.
You were full.

You visited 1 branch of the dungeon, and saw 4 of its levels.
You also visited: Sewer.

You collected 155 gold pieces.

Inventory:

Hand Weapons
 a - a +0 mace (weapon)
Missiles
 e - 11 poisoned needles
Armour
 b - a +0 animal skin (worn)
 f - a +0 cloak
Jewellery
 i - a ring of flight (right claw)
 k - a ring of protection from magic (left claw)
 n - an amulet of the acrobat (around neck)
Scrolls
 l - a scroll of enchant weapon {unknown}
 q - 4 scrolls of teleportation {unknown}
 t - 3 scrolls of fog
 u - 3 scrolls of magic mapping {unknown}
Potions
 d - 2 potions of heal wounds {unknown}
 h - a potion of brilliance {unknown}
 r - a potion of agility {unknown}
Comestibles
 c - 5 rations


   Skills:
 + Level 3.4 Fighting
 + Level 5.2 Maces & Flails
 + Level 3.8 Dodging
 + Level 0.4 Stealth


You had 5 spell levels left.
You didn't know any spells.
Your spell library was empty.

Dungeon Overview and Level Annotations

Branches:
Dungeon (4/15)
 Temple: D:4-7

Altars:
Dithmenos
Makhleb
Wu Jian


Innate Abilities, Weirdness & Mutations

You are too large for most types of armour.
You have claws for hands.
Your metabolism is lightning-fast.
You like to eat raw meat.
Your natural rate of healing is unusually fast.
You are covered in fur. (AC +1)
You have very tough skin. (AC +2)


Message History

You hit the ogre but do no damage.
The ogre is moderately wounded.
The ogre barely misses you.
You completely miss the ogre.
The ogre is moderately wounded.
You barely miss the ogre.
The ogre is moderately wounded.
The ogre barely misses you.
You hit the ogre.
The ogre is heavily wounded.
The ogre hits you with a giant club!
You sock the ogre!
The ogre is severely wounded.
The ogre hits you with a giant club!!
* * * LOW HITPOINT WARNING * * *
You feel better. The ogre barely misses you.
You hit the ogre.
The ogre is almost dead.
The ogre hits you with a giant club!!
You die...

................###.#...#.#..
..........................#.# #.
#########...........#.#.#.#.##...
#.......#####.# .....#.#.
####.......## #.# #........
#...........# #.# #........
#...........# #.# #...#.#..
#.........O.# #.# #<...<...
#..........@# #.# #...#.#..
#.....#>#...# #.# #........
#.....#.##### #.###..[.....
.........# #..รท.......#.
.........# ########..##
.........# ..... .........# #..#.
.........# #.# .......# ..


You could see an ogre.

Vanquished Creatures
  Grinder (D:3)
  Jessica (D:3)
  3 river rats (D:3)
  10 adders
  6 worms
  2 leopard geckos (D:2)
  An orc (D:3)
  7 bats
  2 giant cockroaches (D:1)
  9 hobgoblins
  8 jackals
  4 kobolds (D:1)
  3 quokkas
  3 ball pythons (Sewer)
  6 frilled lizards
  5 goblins
  13 rats
84 creatures vanquished.

Notes
Turn   | Place    | Note
-------+----------+-------------------------------------------
     0 | D:1      | roasted the Troll Berserker began the quest for the Orb.
     0 | D:1      | Reached XP level 1. HP: 22/22 MP: 0/0
    20 | D:1      | Noticed an electric eel
    79 | D:1      | Reached XP level 2. HP: 29/29 MP: 1/1
   233 | D:1      | Reached skill level 3 in Maces & Flails
   790 | D:2      | Reached XP level 3. HP: 34/36 MP: 2/2
   798 | D:2      | Reached ** piety under Trog
   805 | D:2      | Found a burning altar of Makhleb.
   805 | D:2      | Noticed a green death
   809 | D:2      | Noticed a ynoxinul
   809 | D:2      | Noticed a hellwing
   946 | D:2      | Found a faded altar of an unknown god.
  1352 | D:2      | Reached XP level 4. HP: 44/44 MP: 3/3
  1439 | D:2      | You fall through a shaft!
  1465 | D:3      | Noticed Grinder
  1508 | D:3      | Killed Grinder
  1508 | D:3      | Reached skill level 4 in Maces & Flails
  1508 | D:3      | Reached XP level 5. HP: 27/53 MP: 4/4
  1593 | D:3      | Reached XP level 6. HP: 46/61 MP: 5/5
  1597 | D:3      | Noticed Jessica
  1809 | D:3      | Found a glowing drain.
  1816 | Sewer    | Entered a sewer
  1962 | Sewer    | Reached *** piety under Trog
  2043 | Sewer    | Reached skill level 5 in Maces & Flails
  2399 | D:3      | Found a shadowy altar of Dithmenos.
  2447 | D:3      | Found an ornate altar of the Wu Jian Council.
  2474 | D:3      | Killed Jessica
  2624 | D:4      | HP: 2/61 [ogre/giant club (21)]
  2635 | D:4      | Slain by an ogre

Skill      XL: |  1  2  3  4  5  6 |
---------------+-------------------+-----
Maces & Flails | 3 4 5 |  5.2
Dodging        | 3 |  3.8
Fighting       | 3 |  3.4
Stealth        | |  0.4

Action                   |  1- 3 |  4- 6 || total
-------------------------+-------+-------++-------
Melee: Mace              |   146 |   183 ||   329
  Use: Scroll            |     4 |     3 ||     7
       Potion            |     2 |     2 ||     4
 Stab: Sleeping          |       |     1 ||     1
  Eat: Chunk             |    14 |    11 ||    25
       Ration            |       |     1 ||     1
Armor: Animal skin       |    85 |    54 ||   139
Dodge: Dodged            |    97 |   112 ||   209
